 Dungeon Crawl Stone Soup version 0.25-a0-166-g16436c4407 (webtiles) character file.

Game seed: 7004992356820482608, levelgen mode: deterministic

26 Leeroy the Conjurer (level 2, -7/20 HPs)
             Began as a Draconian Conjurer on Nov 24, 2019.
             Mangled by a worm (8 damage)
             ... on level 2 of the Dungeon.
             The game lasted 00:01:45 (1047 turns).

Leeroy the Conjurer (Draconian Conjurer)            Turns: 1047, Time: 00:01:46

Health: -7/20      AC:  4    Str: 10    XL:     2   Next: 89%
Magic:  1/5        EV: 12    Int: 15    God:
Gold:   56         SH:  0    Dex: 11    Spells: 2/5 levels left

rFire    . . .     SeeInvis .   d - +0 club
rCold    . . .     Gourm    .   (no shield)
rNeg     . . .     Faith    .   (armour unavailable)
rPois    .         Spirit   .   (helmet restricted)
rElec    .         Reflect  .   (no cloak)
rCorr    .         Harm     .   (no gloves)
MR       .....                  (no boots)
Stlth    ++........             (no amulet)
HPRegen  0.06/turn              (no ring)
MPRegen  0.09/turn              (no ring)

@: no status effects
A: unfitting armour, cold-blooded, AC +4
a: no special abilities


You were on level 2 of the Dungeon.
You were hungry.

You visited 1 branch of the dungeon, and saw 2 of its levels.

You collected 56 gold pieces.

Inventory:

Hand Weapons
 d - a +0 club (weapon)
Missiles
 e - 9 poisoned darts (quivered)
 g - 65 stones
 j - 8 boomerangs
Jewellery
 a - an uncursed ring of wizardry {unknown}
Scrolls
 f - a scroll of remove curse {unknown}
 h - a scroll of blinking {unknown}
 i - a scroll of identify {unknown}
 k - 2 scrolls of fear {unknown}
Potions
 c - 2 potions of heal wounds {unknown}
Comestibles
 b - 6 rations


   Skills:
 - Level 1.7 Dodging
 - Level 1.7 Stealth
 - Level 2.0 Spellcasting
 + Level 4.9 Conjurations


You had 2 spell levels left.
You knew the following spells:

 Your Spells              Type           Power        Failure   Level  Hunger
a - Magic Dart            Conj           ###.         3%          1    #......
b - Searing Ray           Conj           ###...       4%          2    ###....

Your spell library contained the following spells:

 Spells                   Type           Power        Failure   Level  Hunger
 Dazzling Spray           Conj/Hex       #.....       24%         3    ###....
 Iskenderun's Mystic Bla  Conj           ###.....     28%         4    #####..
 Force Lance              Conj/Tloc      #.......     63%         4    #####..
 Fulminant Prism          Conj/Hex       #.........   63%         4    #####..


Dungeon Overview and Level Annotations

Branches:
Dungeon (2/15)

Altars:


Innate Abilities, Weirdness & Mutations

Your plain brown scales are hard. (AC +4)
You cannot fit into any form of body armour.
You are cold-blooded and may be slowed by cold attacks.


Message History

The worm bites you!
You hit the worm.
The worm is severely wounded.
The worm barely misses you.
You hit the worm.
You tail-slap the worm, but do no damage.
The worm is severely wounded.
You barely miss the worm.
The worm is severely wounded.
The worm barely misses you.
You hit the worm but do no damage.
The worm is severely wounded.
The worm barely misses you.
You barely miss the worm.
The worm is severely wounded.
The worm bites you!
Ouch! That really hurt!
* * * LOW HITPOINT WARNING * * *
The worm bites you!
You die...

....####### ..g....!.# ##
........+ .#. .....^.# ### ..
#......# ..###.# #......#
.....######.##.. ##......##
.......#..#.##.####..........
>...............@...##.......
.... ............w.## .#.....
....####......###### ####...
....+.........# #+
....####......#
....<.........#
###########.### ..# .#.#


You could see a worm.

Vanquished Creatures
  An ooze (D:1)
  2 dart slugs (D:1)
  2 ball pythons (D:1)
  5 bats (D:1)
  2 hobgoblins
  2 kobolds (D:1)
  2 frilled lizards (D:1)
  3 rats (D:1)
19 creatures vanquished.

Notes
Turn   | Place    | Note
-------+----------+-------------------------------------------
     0 | D:1      | Leeroy the Draconian Conjurer began the quest for the Orb.
     0 | D:1      | Reached XP level 1. HP: 14/14 MP: 3/3
   286 | D:1      | Reached XP level 2. HP: 17/20 MP: 5/5
   290 | D:1      | Learned a level 2 spell: Searing Ray
  1045 | D:2      | HP: 1/20 [worm (12)]
  1047 | D:2      | Mangled by a worm

Levels and vault maps discovered:
D:1:      saegor_arrival_simple_c, layout_basic
D:2:      minmay_alternating_diamond, layout_basic,
          yredelemnul_forgotten_temple_becter, minmay_pentomino_t2, uniq_jessica

Action                   || total
-------------------------++-------
Melee: Unarmed           ||    80
       Tailslap          ||     9
       Club              ||     7
 Cast: Searing Ray       ||     4
 Stab: Sleeping          ||     3
Armor: Skin              ||    33
Dodge: Dodged            ||    64

Table legend:
 A = Non-vault XP
 B = Vault XP
 C = Vault XP percentage of total XP
 D = Non-vault monster count
 E = Vault monster count
 F = Vault count percentage of total count
                 A         B        C        D         E       F
            +---------+---------+-------+---------+---------+-------
      Total |      38 |       0 |   0.0 |      19 |       0 |   0.0
            +---------+---------+-------+---------+---------+-------
        D:1 |      36 |       0 |   0.0 |      18 |       0 |   0.0
        D:2 |       2 |       0 |   0.0 |       1 |       0 |   0.0
            +---------+---------+-------+---------+---------+-------
